AoeStats
← GABRIEL MOTTA

Fortress

507806188Analyzed
2v2 RM · 13d ago on Sep 19, 2026· 66m 5s· 4 players
Game mode
Random Map
Map size
Normal (6 player)
Population
200
Speed
Normal
Resources
Standard
Victory
Conquest
Starting age
Dark Age
Ending age
Imperial Age
RankedLock teamsTeams togetherTeam positionsShared explorationLock speedFull tech treeHidden civsTurbo modeCheats
Victory
Defeat
🇫🇷 Spanish · France
533
+15
🇬🇷 Khmer · Greece
519
+16
🇹🇷 Bohemians · Türkiye
585
-19
🇧🇷 Persians · Brazil
440
-12
drunk pank
1:15 Loom
7:59 Feudal Age
8:55 Horse Collar
15:58 Castle Age
15:03 Scale Barding Armor
15:13 Forging
15:25 Bloodlines
17:14 Husbandry
19:49 Forging
19:47 Padded Archer Armor
19:50 Scale Mail Armor
37:28 Leather Archer Armor
37:04 Fletching
37:57 Iron Casting
49:34 Chain Barding Armor
49:11 Bodkin Arrow
53:42 Light Cavalry
breyeraurelien
1:53 Loom
1:59 Loom
6:53 Feudal Age
7:24 Double-Bit Axe
7:24 Horse Collar
7:40 Gold Mining
7:30 Man-at-Arms
14:58 Wheelbarrow
22:09 Castle Age
20:19 Scale Mail Armor
20:42 Stone Mining
21:00 Fletching
21:49 Arson
22:23 Forging
24:21 Bow Saw
26:12 Heavy Plow
28:03 Husbandry
29:17 Inquisition
31:27 Bloodlines
32:38 Caravan
35:22 Pikeman
37:13 Scale Barding Armor
37:45 Iron Casting
37:07 Bodkin Arrow
39:15 Gambesons
44:39 Imperial Age
46:44 Conscription
45:48 Cavalier
45:51 Halberdier
49:09 Onager
49:53 Squires
50:31 Hand Cart
52:53 Chain Barding Armor
52:50 Masonry
55:08 Blast Furnace
54:26 Chain Mail Armor
54:35 Ballistics
55:43 Architecture
57:26 Paladin
59:53 Plate Barding Armor
59:50 Plate Mail Armor
59:34 Bracer
61:11 Coinage
GABRIEL MOTTA
8:05 Feudal Age
6:21 Loom
11:53 Wheelbarrow
19:09 Double-Bit Axe
20:31 Town Watch
20:32 Loom
21:56 Stone Mining
22:42 Horse Collar
26:28 Castle Age
24:24 Town Watch
24:25 Loom
26:27 Crossbowman
27:11 Squires
26:32 Pikeman
29:42 Bow Saw
29:57 Padded Archer Armor
30:09 Forging
31:49 Coinage
31:37 Town Watch
31:38 Loom
32:16 Hand Cart
35:15 Heavy Plow
35:25 Thumb Ring
36:01 Kamandaran
36:10 Town Patrol
Milqa
7:56 Feudal Age
8:33 Horse Collar
8:41 Double-Bit Axe
14:33 Castle Age
19:44 Heavy Plow
20:17 Bow Saw
31:09 Imperial Age
31:07 Chemistry
30:26 Wagenburg Tactics
32:17 Houfnice
34:44 Elite Hussite Wagon
37:02 Two-Man Saw
36:43 Wheelbarrow
35:55 Loom
36:21 Murder Holes
Connection lost

Rejoining the realm…

Still unreachable

The connection could not be restored.

Session expired

The server has moved on; the page needs a fresh start.